 Dungeon Crawl Stone Soup version 0.30.1-11-g7821555f0a (webtiles) character file.

Game seed: 360522696705137335

5514 Peloso the Carver (level 10, -3/89 HPs)
             Began as a Minotaur Fighter on Oct 28, 2023.
             Was an Elder of Okawaru.
             Slain by a freezing wraith (11 damage)
             ... on level 9 of the Dungeon.
             The game lasted 00:15:05 (7188 turns).

Peloso the Carver (Minotaur Fighter)                Turns: 7188, Time: 00:15:06

Health: -3/89      AC: 21    Str: 22    XL:     10   Next: 43%
Magic:  8/9        EV: 12    Int:  5    God:    Okawaru [****..]
Gold:   392        SH:  6    Dex: 13    Spells: 9/9 levels left

rFire   + . .        a - +2 long sword (vamp)
rCold   . . .        d - +0 buckler
rNeg    . . .        A - +9 scale mail of the Minstrel {rF+ Regen+}
rPois   .            (helmet restricted)
rElec   .            (no cloak)
rCorr   .            (no gloves)
SInv    +            (no boots)
Will    .....        (no amulet) Stlth
                     D - +4 ring of protection
HPRegen 1.14/turn    u - ring of see invisible
MPRegen 0.11/turn

%: no passive effects
@: slowed, very slow
A: horns 2, retaliatory headbutt
a: Renounce Religion, Heroism, Finesse


You were on level 9 of the Dungeon.
You worshipped Okawaru.
Okawaru was greatly pleased with you.
You visited 2 branches of the dungeon, and saw 10 of its levels.
You also visited: Sewer.

You collected 464 gold pieces.
You spent 72 gold pieces at shops.

Inventory:

Hand Weapons
 a - a +2 vampiric long sword (weapon)
 b - a +3 long sword of freezing
Missiles
 N - a throwing net (quivered)
Armour
 c - a +0 chain mail
 d - a +0 buckler (worn)
 A - the +9 scale mail of the Minstrel (worn) {rF+ Regen+}
   (You found it on level 3 of the Dungeon)

   rF:        It protects you from fire.
   Regen:     It increases your rate of health regeneration.
Jewellery
 m - a ring of wizardry
 o - a ring of magical power
 u - a ring of see invisible (right hand)
 w - a ring of protection from fire
 D - a +4 ring of protection (left hand)
Wands
 h - a wand of iceblast (9)
 z - a wand of flame (12)
 L - a wand of digging (5)
 M - a wand of quicksilver (11)
Scrolls
 e - 3 scrolls of fear
 j - 2 scrolls of immolation {unknown}
 l - 3 scrolls of amnesia {unknown}
 x - 3 scrolls of vulnerability {unknown}
 y - 3 scrolls of blinking {unknown}
 B - a scroll of brand weapon
 E - 2 scrolls of magic mapping
 I - 3 scrolls of teleportation {unknown}
 J - a scroll of summoning
 O - a scroll of poison
Potions
 f - 2 potions of might
 g - 6 potions of flight
 i - 9 potions of curing {unknown}
 k - 5 potions of invisibility
 n - 2 potions of lignification
 p - 2 potions of ambrosia
 q - 3 potions of haste
 r - 3 potions of cancellation
 t - 3 potions of mutation
 v - 3 potions of resistance
 C - 2 potions of berserk rage {unknown}
 F - 2 potions of magic {unknown}
 G - 3 potions of brilliance {unknown}


   Skills:
 + Level 8.3 Fighting
 + Level 12.2 Long Blades
 + Level 8.9 Armour
 + Level 5.1 Dodging
 + Level 1.4 Stealth
 + Level 7.6 Shields


You had 9 spell levels left.
You didn't know any spells.
Your spell library contained the following spells:

 Spells                   Type           Power      Damage    Failure   Level
 Shock                    Conj/Air       0%         1d3       82%         1
 Static Discharge         Conj/Air       0%         2-2/arc   91%         2
 Ignite Poison            Fire/Tmut/Pois 0%         N/A       99%         3
 Ozocubu's Armour         Ice            0%         N/A       99%         3
 Swiftness                Air            0%         N/A       99%         3
 Sticky Flame             Conj/Fire      0%         2d3       100%        4
 Blade Hands              Tmut           0%         N/A       100%        5
 Metabolic Englaciation   Hex/Ice        0%         N/A       100%        5
 Conjure Ball Lightning   Conj/Air       0%         3x3d6     100%        6
 Iron Shot                Conj/Erth      0%         9d1       100%        6
 Ozocubu's Refrigeration  Ice            0%         4d7       100%        7
 Storm Form               Tmut/Air       0%         N/A       100%        7
 Ignition                 Fire           0%         3d3       100%        8
 Animate Armour           Summ/Erth      Unusable   N/A       N/A         4
 Simulacrum               Ice/Necr       Unusable   N/A       N/A         6

Dungeon Overview and Level Annotations

Branches:
Dungeon (9/15)             Temple (1/1) D:5             Orc (0/2) D:9
  Sewer (visited)
   Lair: D:8-11

Altars:
Ashenzari
Cheibriados
Dithmenos
Elyvilon
Fedhas
Gozag
Hepliaklqana
Kikubaaqudgha
Makhleb
Nemelex Xobeh
Okawaru
Qazlal
Ru
Trog
Uskayaw
Vehumet
Wu Jian
Xom
Yredelemnul
Zin
The Shining One

Shops:
D:1 *   D:7 [   D:8 [


Innate Abilities, Weirdness & Mutations

You have a pair of horns on your head.
You reflexively headbutt those who attack you in melee.


Message History

Your unstable footing causes you to fumble your attack.
The freezing wraith hits you. The freezing wraith freezes you!
* * * LOW HITPOINT WARNING * * *
The freezing wraith completely misses you.
You block the white imp's attack.
The ice devil splashes around in the water.
Unknown command.
Your unstable footing causes you to fumble your attack.
The freezing wraith hits you but does no damage.
You block the freezing wraith's attack. You block the white imp's attack.
The ice devil completely misses you. You furiously retaliate!
You headbutt the ice devil!
You kill the ice devil!
Okawaru is honoured by your kill.
You completely miss the white imp.
The white imp is severely wounded.
The freezing wraith hits you but does no damage.
You block the freezing wraith's attack.
The white imp hits you but does no damage.
Unknown command.
You hit the white imp.
You kill the white imp!
Okawaru accepts your kill.
You feel like a meek peon again. You block the freezing wraith's attack.
The freezing wraith hits you but does no damage.
Unknown command.
You hit the freezing wraith. You headbutt the freezing wraith.
The freezing wraith is moderately damaged.
The freezing wraith hits you.
* * * LOW HITPOINT WARNING * * *
The freezing wraith freezes you!
* * * LOW HITPOINT WARNING * * *
The freezing wraith hits you but does no damage.
You hit the freezing wraith but do no damage.
The freezing wraith is moderately damaged.
The freezing wraith hits you.
* * * LOW HITPOINT WARNING * * *
The freezing wraith freezes you!
You die...

#############
##............
.#######...... . .....
##..... ... .... #...#..
#..~ #..# #...#.. #..~##
~..# . ##..#..
#..#~5##~..##.. #...#..
.....#W@#...... #...#..
............... ##.....
#..........#######......
####''''####............
###+....##############..
.....................#..
.....................#..
.....................#..
..............<......#..


You could see a freezing wraith and a white imp.

Vanquished Creatures
  2 ice devils (D:9)
  9 yaks (D:9)
  A wyvern (D:6)
  A wraith (D:9)
  Menkaure (D:5)
  5 orc warriors
  3 black bears
  An ice beast (D:7)
  3 phantoms
  5 kobold brigands
  Blork the orc (D:5)
  A bullfrog (D:6)
  2 scorpions
  5 wights (D:6)
  6 killer bees (D:9)
  4 howler monkeys
  3 hounds (D:5)
  3 orc priests
  2 gnoll boudas
  Ijyb (D:3)
  Jessica (D:2)
  4 iguanas
  Natasha (thrice) (D:2)
  3 sleepcaps
  4 orc wizards
  Terence (D:2)
  8 adders
  9 gnolls
  4 white imps
  An ufetubus (D:5)
  A worm (D:3)
  6 dart slugs
  25 orcs
  11 ball pythons
  9 bats
  6 endoplasms
  6 giant cockroaches
  7 goblins
  5 hobgoblins
  9 jackals
  29 kobolds
  5 quokkas
  4 frilled lizards
  7 rats
227 creatures vanquished.

Notes
Turn   | Place    | Note
-------+----------+-------------------------------------------
     0 | D:1      | Peloso the Minotaur Fighter began the quest for the Orb.
     0 | D:1      | Reached XP level 1. HP: 19/19 MP: 0/0
   125 | D:1      | Reached XP level 2. HP: 26/27 MP: 1/1
   245 | D:1      | Found Uschagor's Assorted Antiques.
   255 | D:1      | Bought a scroll labelled HISAMU PIRGHOECRI for 19 gold
                  | pieces
   255 | D:1      | Bought a scroll labelled ESISONOI DEOXEASS for 19 gold
                  | pieces
   255 | D:1      | Bought 2 cyan potions for 34 gold pieces
   594 | D:1      | Reached XP level 3. HP: 33/33 MP: 2/2
   900 | D:2      | Reached skill level 3 in Long Blades
   952 | D:2      | Noticed Natasha
   960 | D:2      | Killed Natasha
   961 | D:2      | Reached XP level 4. HP: 40/40 MP: 3/3
  1040 | D:2      | Noticed Jessica
  1048 | D:2      | Noticed Terence
  1054 | D:2      | Killed Terence
  1058 | D:2      | Killed Jessica
  1059 | D:2      | Reached skill level 4 in Long Blades
  1098 | D:2      | Noticed Natasha
  1106 | D:2      | Killed Natasha
  1107 | D:2      | Reached XP level 5. HP: 31/47 MP: 4/4
  1219 | D:2      | Noticed Natasha
  1224 | D:2      | Killed Natasha
  1225 | D:2      | Reached skill level 5 in Armour
  1339 | D:2      | Found a faded altar of an unknown god.
  1633 | D:3      | Found a hazy altar of Hepliaklqana.
  1640 | D:3      | Noticed Ijyb
  1666 | D:3      | Killed Ijyb
  1694 | D:3      | Found a glowing drain.
  1720 | D:3      | Reached skill level 5 in Long Blades
  1727 | Sewer    | Entered a sewer
  1878 | Sewer    | Reached XP level 6. HP: 37/55 MP: 5/5
  2102 | Sewer    | Reached skill level 1 in Dodging
  2212 | D:3      | Reached skill level 5 in Fighting
  2285 | D:3      | Found an ornate altar of the Wu Jian Council.
  2321 | D:3      | Found a white marble altar of Elyvilon.
  2364 | D:3      | Identified the +9 scale mail of the Minstrel {rF+ Regen+}
  2628 | D:3      | Found a sacrificial altar of Ru.
  2631 | D:3      | Found a sparkling altar of Nemelex Xobeh.
  2635 | D:3      | Found a snail-covered altar of Cheibriados.
  2690 | D:3      | You fall into a shaft and drop 2 floors!
  2690 | D:5      | Entered Level 5 of the Dungeon
  2709 | D:5      | Reached XP level 7. HP: 61/61 MP: 6/6
  2722 | D:5      | Reached skill level 6 in Long Blades
  3808 | D:5      | Noticed Blork the orc
  3814 | D:5      | Killed Blork the orc
  3815 | D:5      | Reached skill level 5 in Shields
  3832 | D:5      | Reached skill level 7 in Long Blades
  3850 | D:5      | Noticed Menkaure
  3856 | D:5      | Killed Menkaure
  3883 | D:5      | Found a staircase to the Ecumenical Temple.
  3910 | D:5      | Found a blossoming altar of Fedhas.
  3920 | D:5      | Reached XP level 8. HP: 67/69 MP: 7/7
  3949 | Temple   | Entered the Ecumenical Temple
  3949 | Temple   | Found a transporter.
  3949 | Temple   | Found a transporter.
  3951 | Temple   | Found a transporter.
  3951 | Temple   | Found a transporter.
  3992 | Temple   | Became a worshipper of Warmaster Okawaru
  4668 | D:6      | Reached skill level 8 in Long Blades
  4708 | D:6      | Reached * piety under Okawaru
  4741 | D:6      | Reached skill level 9 in Long Blades
  4879 | D:6      | Reached XP level 9. HP: 75/75 MP: 8/8
  4938 | D:6      | Found a stormy altar of Qazlal.
  5093 | D:6      | Got the Volume of the Welkin
  5180 | D:6      | Reached ** piety under Okawaru
  5269 | D:7      | Found a bloodstained altar of Trog.
  5489 | D:7      | Reached skill level 10 in Long Blades
  5665 | D:7      | Found Kaqeywno's Antique Armour Shoppe.
  6149 | D:8      | Found an ancient bone altar of Kikubaaqudgha.
  6223 | D:8      | Reached skill level 1 in Stealth
  6421 | D:8      | Found a snail-covered altar of Cheibriados.
  6432 | D:8      | Found Cheibriados's Comfort Zone.
  6621 | D:9      | Reached *** piety under Okawaru
  6628 | D:9      | Reached skill level 11 in Long Blades
  6701 | D:9      | Reached XP level 10. HP: 74/88 MP: 9/9
  6759 | D:9      | Reached **** piety under Okawaru
  7111 | D:9      | Found a staircase to the Orcish Mines.
  7118 | D:9      | Received a gift from Okawaru
  7119 | D:9      | Reached skill level 12 in Long Blades
  7127 | D:9      | Reached skill level 5 in Dodging
  7188 | D:9      | Slain by a freezing wraith

Illustrated notes

Levels and vault maps discovered:
D:1:      dpeg_arrival_radiant, layout_loops_ring, serial_shops,
          nicolae_shop_stone
D:2:      layout_loops_ring, dreamdust_ecumenical_altar_angels_and_demons,
          uniq_terence, uniq_natasha, uniq_jessica
D:3:      layout_loops_corners, nicolae_hepliaklqana_hazy_memory,
          grunt_temple_overflow_diamond, elyvilon_altar_5,
          mainiacjoe_overflow_surrounded_room, cheibrodos_sewer_entry_drain,
          uniq_ijyb
D:4:      layout_loops_ring, serial_glass, glass_columns_a, glass_columns_b,
          minmay_crystal_water
D:5:      layout_basic, fedhas_altar_1, minmay_temple_entry_junction,
          uniq_menkaure, uniq_blork_the_orc
D:6:      layout_cave_pools, grunt_qazlal_clouds, hangedman_decor_riveting
D:7:      layout_loops_ring, mainiacjoe_overflow_chevrons, serial_shops, shop,
          kennysheep_donut
D:8:      layout_basic, kennysheep_little_box, minmay_shop_chei
D:9:      layout_stronghold, marbit_many_paths, david_orc_2,
          hellmonk_guarded_unrand_frostbite
Temple:   hellmonk_temple_divided_pantheon

Skill      XL: |  1  2  3  4  5  6  7  8  9 10 |
---------------+-------------------------------+-----
Armour         | 4 5 6 7 8 |  8.9
Fighting       | 4 5 6 7 8 |  8.3
Shields        | 4 5 6 7 |  7.6
Long Blades    | 3 4 5 7 9 11 12 | 12.2
Dodging        | 1 2 3 4 5 |  5.1
Stealth        | 1 |  1.4

Action                     |  1- 3 |  4- 6 |  7- 9 | 10-12 || total
---------------------------+-------+-------+-------+-------++-------
  Melee: Long sword        |    90 |   157 |   384 |   132 ||   763
         Headbutt          |    10 |    25 |    91 |    27 ||   153
 Invoke: Heroism           |       |       |       |     1 ||     1
    Use: Potion            |     1 |       |       |     1 ||     2
         Scroll            |     1 |     3 |    10 |       ||    14
 Armour: Chain mail        |    57 |    90 |       |       ||   147
         Scale mail        |       |     1 |   209 |    92 ||   302
  Dodge: Dodged            |    36 |    68 |   194 |    84 ||   382
  Block: Buckler           |    25 |    39 |   115 |    57 ||   236
